 Dungeon Crawl Stone Soup version 0.26-a0-1222-g14533b3512 (webtiles) character file.

Game seed: 6928545631215985216

(classic levelgen) 16559 EnegeticOcto the Cleaver (level 12, -18/106 HPs)
             Began as a Minotaur Fighter on Dec 31, 2020.
             Was a High Priest of Makhleb.
             Demolished by a death knight
             ... wielding a +2 morningstar
              (24 damage)
             ... on level 12 of the Dungeon.
             The game lasted 00:06:24 (10728 turns).

EnegeticOcto the Cleaver (Minotaur Fighter)        Turns: 10728, Time: 00:06:25

Health: -18/106    AC: 21    Str: 26    XL:     12   Next: 11%
Magic:  16/16      EV:  9    Int:  5    God:    Makhleb [*****.]
Gold:   773        SH: 12    Dex: 10    Spells: 11/11 levels left

rFire    + . .     SeeInvis .   a - +4 war axe (freeze)
rCold    + . .     Faith    .   c - +0 kite shield
rNeg     . . .     Spirit   .   i - +0 plate armour
rPois    .         Reflect  .   (helmet restricted)
rElec    .         Harm     .   h - +0 cloak
rCorr    .         Rampage  .   q - +2 pair of gloves
Will     .....                  j - +1 pair of boots
Stlth    ..........             (no amulet)
HPRegen  0.27/turn              A - ring of protection from fire
MPRegen  0.15/turn              y - ring of protection from cold

@: no status effects
A: retaliatory headbutt, horns 2
a: Renounce Religion, Minor Destruction, Lesser Servant of Makhleb, Major
Destruction, Greater Servant of Makhleb


You were on level 12 of the Dungeon.
You worshipped Makhleb.
Makhleb was extremely pleased with you.
You visited 1 branch of the dungeon, and saw 12 of its levels.
You also visited: Ossuary.

You collected 773 gold pieces.

Inventory:

Hand Weapons
 a - a +4 war axe of freezing (weapon)
Missiles
 x - a throwing net (quivered)
Armour
 c - a +0 kite shield (worn)
 h - a +0 cloak (worn)
 i - a +0 plate armour (worn)
 j - a +1 pair of boots (worn)
 q - a +2 pair of gloves (worn)
Jewellery
 y - a ring of protection from cold (right hand)
 A - a ring of protection from fire (left hand)
Wands
 k - a wand of digging (5) {@v3}
 v - a wand of polymorph (2)
Scrolls
 b - 3 scrolls of blinking
 e - 7 scrolls of remove curse {@r2}
 l - 3 scrolls of magic mapping {@r5}
 m - 3 scrolls of fog
 p - 3 scrolls of teleportation {@r3}
 s - a scroll of identify {@r1}
Potions
 d - 6 potions of might {@q3}
 f - 4 potions of curing {@q1}
 g - 2 potions of cancellation
 n - 3 potions of flight
 o - a potion of resistance {@q5}
 t - 7 potions of attraction
 u - a potion of ambrosia {unknown}
 w - 4 potions of mutation
 z - 3 potions of haste {@q4}
 C - a potion of berserk rage {unknown}


   Skills:
 + Level 10.0 Fighting
 * Level 13.1 Axes
 + Level 10.1 Armour
 + Level 6.4 Dodging
 + Level 10.0 Shields
 + Level 7.5 Invocations


You had 11 spell levels left.
You didn't know any spells.
Your spell library was empty.

Dungeon Overview and Level Annotations

Branches:
Dungeon (12/15)            Temple (0/1) D:5            Lair (0/6) D:11
    Orc (0/2) D:9         Ossuary (visited)

Altars:
Ashenzari
Cheibriados
Fedhas
Makhleb
Nemelex Xobeh
Okawaru
Qazlal
Yredelemnul
Zin
The Shining One

Shops:
D:8 :

Annotations:
D:4 3 runed translucent doors, MatrixGlitch's ghost, amateur DsFE; nojaa's ghost, weakling DDDe
D:6 1 runed translucent door
D:8 1 exclusion


Innate Abilities, Weirdness & Mutations

You reflexively headbutt those who attack you in melee.
You have a pair of horns on your head.


Message History

Makhleb accepts your kill.
You feel better. The purple ugly thing headbutts you.
You barely miss the purple ugly thing.
Your headbutt misses the purple ugly thing.
The purple ugly thing is almost dead.
You hit the orc priest. You freeze the orc priest.
The purple ugly thing headbutts you but does no damage.
The orc priest hits you but does no damage.
You slash the purple ugly thing! You freeze the purple ugly thing.
You kill the purple ugly thing!
Makhleb accepts your kill.
You slash the orc priest! You freeze the orc priest.
You kill the orc priest!
Makhleb accepts your kill.
You feel better.
Your Shields skill increases to level 10!
You slash the wraith! You freeze the wraith. Your headbutt misses the wraith.
The wraith is moderately damaged.
You closely miss the orc. The wraith hits you. The wraith drains your vigour!
You feel yourself slow down. The orc hits you with a +0 morningstar.
You completely miss the wraith.
The wraith is moderately damaged.
You closely miss the orc. You block the wraith's attack.
The orc hits you with a +0 morningstar.
There are monsters nearby!
There are monsters nearby!
There are monsters nearby!
There are monsters nearby!
You closely miss the wraith. Your headbutt misses the wraith.
The wraith is moderately damaged.
You barely miss the orc. You block the wraith's attack.
The orc hits you but does no damage.
You hit the wraith. You freeze the wraith. Your headbutt misses the wraith.
The wraith is heavily damaged.
You slash the orc! You freeze the orc.
You kill the orc!
Makhleb accepts your kill.
You feel better. The wraith closely misses you.
You hit the death knight but do no damage.
The death knight offers itself to Yredelemnul, and fills with unholy energy.
You slice the death knight!! You freeze the death knight!
You headbutt the death knight.
The death knight is heavily wounded.
The death knight reflects your damage back at you!
A freezing wraith comes into view.
The death knight hits you with a +2 morningstar!
You hit the death knight but do no damage.
The death knight is heavily wounded.
The death knight hits you with a +2 morningstar!
You are too injured to fight recklessly!
You are too injured to fight recklessly!
You are too injured to fight recklessly!
You are too injured to fight recklessly!
You are too injured to fight recklessly!
You are too injured to fight recklessly!
You are too injured to fight recklessly!
You are too injured to fight recklessly!
You are too injured to fight recklessly!
You are too injured to fight recklessly!
You are too injured to fight recklessly!
You are too injured to fight recklessly!
You are too injured to fight recklessly!
You are too injured to fight recklessly!
You are too injured to fight recklessly!
You are too injured to fight recklessly!
You are too injured to fight recklessly!
You are too injured to fight recklessly!
You are too injured to fight recklessly!
Your plate armour prevents you from hitting the death knight.
The death knight is heavily wounded.
You block the death knight's attack.
The death knight hits you but does no damage.
You feel yourself speed up.
The death knight's dark mirror aura disappears.
The death knight closely misses you. You furiously retaliate!
You headbutt the death knight, but do no damage.
A demon appears!
Your orange demon stings the freezing wraith from afar.
You swap places.
The death knight hits you with a +2 morningstar!!
* * * LOW HITPOINT WARNING * * *
Your orange demon stings the freezing wraith from afar.
You hit the death knight but do no damage.
Your headbutt misses the death knight.
The death knight is heavily wounded.
The death knight barely misses you. You furiously retaliate!
You headbutt the death knight! You hit the death knight.
You freeze the death knight. Your headbutt misses the death knight.
The death knight is severely wounded.
Your orange demon stings the freezing wraith but does no damage.
The death knight calls down the wrath of Yredelemnul upon you.
Your body is wracked with pain!
* * * LOW HITPOINT WARNING * * *
You slash the death knight! You freeze the death knight.
You headbutt the death knight.
The death knight is almost dead.
Your orange demon closely misses the freezing wraith.
The death knight hits you with a +2 morningstar!!
You die...

#' #####'## .# #.<# W.
##.# #. #.# #W
#######+#####
###W##########........#...
#.))..#...##.'........#.##
#.###.#.####.#........#.#
#..Wp@##.#.......)'.#
#####4##.#........###
#.....##(#........#
###.#.#..#........#
#.#.#.##........#
#.#.'.########### [.#.###
#####


You could see a death knight, a freezing wraith and a friendly orange demon
(summoned).

Vanquished Creatures
  Harold (D:7)
  A boulder beetle (D:11)
  2 two-headed ogres
  Pikel (D:7)
  2 ugly things (D:12)
  Maurice (D:8)
  A gargoyle (D:11)
  A komodo dragon (D:11)
  A hornet (D:8)
  Prince Ribbit (D:9)
  A redback (D:9)
  A wyvern (D:10)
  2 wraiths
  12 yaks
  Grum (D:5)
  Menkaure (D:5)
  4 vampire mosquitoes (D:10)
  Edmund (D:5)
  Duvessa (D:7)
  3 orc warriors
  2 sky beasts
  2 black bears (D:7)
  5 ice beasts
  7 ogres
  6 phantoms
  2 wolves (D:5)
  7 centaurs
  3 lemures (D:7)
  2 big kobolds (D:10)
  5 bullfrogs
  Blork the orc (D:4)
  6 gnoll sergeants
  Dowan (D:7)
  2 water moccasin zombies (Ossuary)
  4 scorpions
  12 killer bees
  2 centaur zombies
  2 bullfrog zombies
  4 orc priests
  10 hounds
  3 bullfrog skeletons
  2 gnoll shamans (D:5)
  2 jellies
  8 orc wizards
  4 centaur skeletons
  5 iguanas
  Ijyb (D:4)
  Natasha (thrice) (D:4)
  10 worker ants
  2 big kobold zombies (Ossuary)
  A hound zombie (D:10)
  2 hound skeletons
  2 mummies (Ossuary)
  A worker ant zombie (D:5)
  9 adders
  25 gnolls
  A howler monkey skeleton (D:4)
  A shadow imp (D:3)
  A white imp (D:7)
  6 ufetubi
  8 adder zombies
  2 adder skeletons
  3 worms
  A dart slug (D:2)
  5 leopard geckos
  38 orcs
  2 ball pythons (D:4)
  5 bats
  2 giant cockroaches
  3 gnoll zombies (Ossuary)
  6 goblins
  5 hobgoblins
  14 jackals
  2 quokkas
  5 frilled lizards
  A goblin zombie (D:5)
  8 hobgoblin zombies (Ossuary)
  A jackal skeleton (D:7)
  A jackal zombie (D:6)
  17 kobolds
  3 kobold zombies (Ossuary)
  4 orc zombies (Ossuary)
  12 rats
361 creatures vanquished.

Vanquished Creatures (collateral kills)
  A hydra (D:11)
1 creature vanquished.

Vanquished Creatures (others)
  45 plants (D:11)
45 creatures vanquished.

Grand Total: 407 creatures vanquished

Notes
Turn   | Place    | Note
-------+----------+-------------------------------------------
     0 | D:1      | EnegeticOcto the Minotaur Fighter began the quest for the
                  | Orb.
     0 | D:1      | Reached XP level 1. HP: 19/19 MP: 0/0
   100 | D:1      | Reached XP level 2. HP: 27/27 MP: 1/1
   242 | D:1      | Reached skill level 3 in Axes
   811 | D:2      | Reached XP level 3. HP: 33/33 MP: 2/2
  1023 | D:2      | Found a burning altar of Makhleb.
  1269 | D:2      | Found a snail-covered altar of Cheibriados.
  1335 | D:2      | Found a faded altar of an unknown god.
  1357 | D:2      | Became a worshipper of Makhleb the Destroyer
  1517 | D:3      | Found an iron altar of Okawaru.
  1579 | D:3      | Reached XP level 4. HP: 12/40 MP: 3/3
  1961 | D:3      | Found a basalt altar of Yredelemnul.
  2043 | D:3      | Reached skill level 4 in Axes
  2448 | D:4      | Noticed Natasha
  2461 | D:4      | Killed Natasha
  2462 | D:4      | Reached skill level 1 in Invocations
  2462 | D:4      | Reached XP level 5. HP: 29/47 MP: 4/4
  2512 | D:4      | Noticed Natasha
  2518 | D:4      | Killed Natasha
  2573 | D:4      | Noticed Natasha
  2578 | D:4      | Killed Natasha
  2607 | D:4      | Noticed Ijyb
  2617 | D:4      | Found a sparkling altar of Nemelex Xobeh.
  2633 | D:4      | Killed Ijyb
  2633 | D:4      | Reached * piety under Makhleb
  2680 | D:4      | Noticed Blork the orc
  2680 | D:4      | Noticed a phantom
  2686 | D:4      | Killed Blork the orc
  2687 | D:4      | Reached skill level 5 in Axes
  2687 | D:4      | Reached XP level 6. HP: 46/53 MP: 6/6
  2710 | D:4      | Reached skill level 5 in Armour
  2825 | D:4      | Reached skill level 5 in Shields
  2832 | D:4      | Reached skill level 5 in Fighting
  2981 | D:4      | Found a glowing silver altar of Zin.
  3087 | D:4      | Found a runed translucent gate.
  3087 | D:4      | Found a runed translucent gate.
  3087 | D:4      | Found a runed translucent gate.
  3087 | D:4      | Noticed MatrixGlitch's ghost (amateur DsFE)
  3088 | D:4      | Noticed nojaa's ghost (weakling DDDe)
  3153 | D:4      | Reached XP level 7. HP: 61/61 MP: 7/7
  3176 | D:4      | Found a snail-covered altar of Cheibriados.
  3293 | D:5      | Entered Level 5 of the Dungeon
  3293 | D:5      | Found a sand-covered staircase.
  3302 | D:5      | Reached skill level 6 in Axes
  3348 | Ossuary  | Entered an ossuary
  3490 | Ossuary  | Reached ** piety under Makhleb
  3920 | D:5      | Reached skill level 7 in Axes
  3920 | D:5      | Reached XP level 8. HP: 52/70 MP: 9/9
  4108 | D:5      | Reached *** piety under Makhleb
  4194 | D:5      | Reached skill level 8 in Axes
  4254 | D:5      | Found a staircase to the Ecumenical Temple.
  4621 | D:5      | Noticed Edmund
  4622 | D:5      | Noticed Menkaure
  4633 | D:5      | Killed Edmund
  4634 | D:5      | Reached XP level 9. HP: 29/78 MP: 11/11
  4638 | D:5      | Killed Menkaure
  4947 | D:5      | Found a blossoming altar of Fedhas.
  5035 | D:5      | Noticed Grum
  5045 | D:5      | Killed Grum
  5046 | D:5      | Reached skill level 9 in Axes
  5203 | D:6      | Found a glowing golden altar of the Shining One.
  5203 | D:6      | Noticed an angel
  5204 | D:6      | Found a runed translucent door.
  5929 | D:7      | Reached skill level 1 in Dodging
  5994 | D:7      | Reached **** piety under Makhleb
  6042 | D:7      | Noticed Dowan
  6043 | D:7      | Noticed Duvessa
  6055 | D:7      | Killed Duvessa
  6057 | D:7      | Killed Dowan
  6058 | D:7      | Reached skill level 5 in Invocations
  6059 | D:7      | Reached skill level 10 in Axes
  6065 | D:7      | Noticed Harold
  6085 | D:7      | Killed Harold
  6086 | D:7      | Reached XP level 10. HP: 61/88 MP: 12/12
  6243 | D:7      | Noticed Pikel
  6265 | D:7      | Killed Pikel
  6749 | D:8      | Found a stormy altar of Qazlal.
  6806 | D:8      | Noticed Maurice
  6830 | D:8      | Killed Maurice
  6960 | D:8      | Noticed a two-headed ogre
  6970 | D:8      | Killed a two-headed ogre
  6971 | D:8      | Reached skill level 11 in Axes
  7195 | D:8      | Noticed a moth of wrath
  7315 | D:8      | Found Pumoirr's Book Shoppe.
  7452 | D:9      | Reached ***** piety under Makhleb
  7544 | D:9      | Found a staircase to the Orcish Mines.
  7655 | D:9      | Noticed a two-headed ogre
  7665 | D:9      | Killed a two-headed ogre
  7666 | D:9      | Reached XP level 11. HP: 95/95 MP: 14/14
  7797 | D:9      | Reached skill level 5 in Dodging
  7946 | D:9      | Found a broken altar of Ashenzari.
  7995 | D:9      | Noticed Prince Ribbit
  8025 | D:9      | Killed Prince Ribbit
  8174 | D:10     | Entered Level 10 of the Dungeon
  8423 | D:10     | Reached skill level 12 in Axes
  9268 | D:11     | Noticed a boulder beetle
  9295 | D:11     | Killed a boulder beetle
  9528 | D:11     | Noticed a seven-headed hydra
  9555 | D:11     | HP: 4/97 [11-headed hydra (3)]
  9585 | D:11     | Killed an 11-headed hydra
  9995 | D:11     | Found a staircase to the Lair.
 10353 | D:11     | Reached skill level 13 in Axes
 10353 | D:11     | Reached skill level 10 in Armour
 10353 | D:11     | Reached XP level 12. HP: 106/106 MP: 16/16
 10651 | D:12     | Reached skill level 10 in Fighting
 10705 | D:12     | Noticed a death knight
 10709 | D:12     | Reached skill level 10 in Shields
 10728 | D:12     | Demolished by a death knight

Illustrated notes

Levels and vault maps discovered:
D:1:      dpeg_arrival_water_temple_mockup, layout_basic
D:2:      layout_basic, lemuel_crystal_altar, chequers_ecumenical_altar_simple,
          grunt_decor_mini_mirrors, kennysheep_crisscross, minmay_misc_feat_iff,
          cheibriados_altar_1
D:3:      layout_loops_cross, lemuel_doored_altar, marbit_many_paths
D:4:      layout_cave_pools, nemelex_xobeh_ov_fountains_minmay, zin_treasury,
          grunt_dithmenos_shadows, kennysheep_mini, gammafunk_ghost_cemetery,
          uniq_blork_the_orc, uniq_ijyb, uniq_natasha, uniq_crazy_yiuf_cottage
D:5:      layout_cave_pools, lemuel_coloured_pillars_altar,
          minmay_temple_entry_arrows, enter_ossuary_3, serial_gnoll_camp,
          grums_kennel, gnoll_camp_huts_basic, gnoll_camp_mini_hut,
          gnoll_camp_mini_basic, uniq_edmund, uniq_menkaure
D:6:      layout_gridville, lemuel_angel_altar
D:7:      layout_rooms, chequers_serial_rivers_micro_e, uniq_pikel, uniq_harold,
          uniq_duvessa
D:8:      layout_basic, tgw_trog, nicolae_qazlal_general_emergency,
          serial_shops, shop, nicolae_two_hexagons, uniq_maurice
D:9:      nzn_winding_woodlands_medium [nzn_winding_woodlands_hourglass,
          nzn_winding_woodlands_5x15_sawtooth, nzn_winding_woodlands_5x5_cross,
          nzn_winding_woodlands_5x5_perimeter,
          nzn_winding_woodlands_center_diamonds,
          nzn_winding_woodlands_5x5_three, nzn_winding_woodlands_5x5_default,
          nzn_winding_woodlands_5x15_crooked,
          nzn_winding_woodlands_5x5_checkerboard], layout_irregular_city,
          old_standard_altar, orc_0_dummy, uniq_prince_ribbit1
D:10:     layout_stronghold, nicolae_benzene_ring
D:11:     layout_loops_corners, david_lair_shrubbed
D:12:     layout_roguey [special_room_orc], minmay_protected_statue

Skill      XL: |  1  2  3  4  5  6  7  8  9 10 11 12 |
---------------+-------------------------------------+-----
Axes           | 3 4 5 7 8 10 11 13 | 13.1
Fighting       | 4 5 6 7 8 9 10 | 10.0
Armour         | 4 5 6 8 9 10 | 10.1
Shields        | 4 5 6 7 8 9 10 | 10.0
Invocations    | 1 2 3 4 5 6 7 |  7.5
Dodging        | 2 4 6 |  6.4

Action                   |  1- 3 |  4- 6 |  7- 9 | 10-12 || total
-------------------------+-------+-------+-------+-------++-------
Melee: War axe           |    94 |   130 |   398 |   477 ||  1099
       Headbutt          |     8 |    23 |    65 |    93 ||   189
       Unarmed           |       |    16 |       |       ||    16
Invok: Lesser Servant of |       |       |       |     8 ||     8
  Use: Scroll            |       |       |    21 |     7 ||    28
       Potion            |       |       |     2 |     2 ||     4
Armor: Scale mail        |    10 |       |       |       ||    10
       Plate armour      |    57 |    64 |   264 |   194 ||   579
       Skin              |       |     2 |       |       ||     2
Dodge: Dodged            |    14 |    20 |   100 |   122 ||   256
Block: Kite shield       |    55 |    52 |   265 |   259 ||   631

Table legend: (Time is in decaauts)
 A = Elapsed time spent in this place.
 B = Non-inter-level travel time spent in this place.
 C = Inter-level travel time spent in this place.
 D = Time resting spent in this place.
 E = Time spent auto-exploring this place.
 F = Levels seen in this place.
 G = Mean time per level.
                   A        B        C        D        E       F      G
               +--------+--------+--------+--------+--------+-----+--------+
         Total |  10853 |  10535 |    318 |      0 |   8390 |  13 |  834.8 |
       Dungeon |  10276 |   9958 |    318 |      0 |   7969 |  12 |  856.3 |
       Ossuary |    577 |    577 |      0 |      0 |    421 |   1 |  577.0 |
               +--------+--------+--------+--------+--------+-----+--------+

Top non-repeatable levels by time:
    D:11: 1343 daAuts
     D:5: 1261 daAuts
    D:10: 1050 daAuts
     D:3: 980 daAuts
     D:4: 874 daAuts
     D:2: 852 daAuts
     D:7: 845 daAuts
     D:9: 820 daAuts
     D:6: 805 daAuts
     D:1: 672 daAuts
     D:8: 633 daAuts
 Ossuary: 577 daAuts
    D:12: 136 daAuts
